 Dungeon Crawl Stone Soup version 0.30-a0-694-g3340775977 (webtiles) character file.

Game seed: 3682661320215730066

154 Alitron123 the Grasshopper (level 5, 0/44 HPs)
             Began as an Armataur Warper on Jan 20, 2023.
             Succumbed to an adder's poison
             ... on level 3 of the Dungeon.
             The game lasted 00:06:27 (2585 turns).

Alitron123 the Grasshopper (Armataur Warper)        Turns: 2585, Time: 00:06:28

Health: 0/44       AC:  5    Str: 17 (22) XL:     5   Next: 13%
Magic:  7/7        EV:  9    Int:  7 (13) God:
Gold:   255        SH:  0    Dex:  3 (8)  Spells: 7/7 levels left

rFire   + . .      SeeInvis .    h - +0 spear (flame)
rCold   x . .      Faith    +    (no shield)
rNeg    . . .      Spirit   .    b - +0 leather armour
rPois   .          Reflect  .    (helmet restricted)
rElec   .          Harm     .    r - +0 cloak
rCorr   .          Roll     +    (no gloves)
Will    .....                    (no barding)
Stlth   +                        g - amulet of faith
HPRegen 0.27/turn                f - ring of fire
MPRegen 0.10/turn                (no ring)

@: lethally poisoned (0 -> -9)
A: large, rugged brown scales 3, deformed body, armoured tail, roll, long
tongue, awkward tongue, horns 1, strong 1, wild magic 1
a: no special abilities


You were on level 3 of the Dungeon.
You visited 1 branch of the dungeon, and saw 3 of its levels.

You collected 255 gold pieces.

Inventory:

Hand Weapons
 a - a +0 spear
 h - a +0 spear of flaming (weapon)
Armour
 b - a +0 leather armour (worn)
 r - a +0 cloak (worn)
Jewellery
 f - a ring of fire (left hand)
 g - an amulet of faith (around neck)
Wands
 o - a wand of charming (9)
Scrolls
 c - a scroll of noise {unknown}
 m - a scroll of fog {unknown}
 n - a scroll of enchant weapon {unknown}
 p - a scroll of amnesia
 q - 4 scrolls of identify
Potions
 e - a potion of resistance {unknown}
 i - 2 potions of flight {unknown}
 j - a potion of haste
 k - a potion of attraction {unknown}


   Skills:
 + Level 2.3 Fighting
 + Level 2.6 Polearms
 + Level 1.3 Throwing
 + Level 2.7 Armour
 + Level 1.9 Dodging
 + Level 1.5 Stealth
 + Level 1.9 Spellcasting
 + Level 3.3 Translocations


You had 7 spell levels left.
You didn't know any spells.
Your spell library contained the following spells:

 Spells                   Type           Power      Damage    Failure   Level
 Blink                    Tloc           14%        N/A       24%         2
 Lesser Beckoning         Tloc           14%        N/A       24%         2
 Teleport Other           Tloc           7%         N/A       43%         3
 Vhi's Electric Charge    Tloc/Air       6%         N/A       65%         3
 Manifold Assault         Tloc           7%         N/A       82%         4


Dungeon Overview and Level Annotations

Branches:
Dungeon (3/15)

Altars:
Okawaru


Innate Abilities, Weirdness & Mutations

You are completely covered in rugged brown scales. (AC +3, +7% HP)
Armour fits poorly on your strangely shaped body.
You have a long armoured tail.
You roll when moving toward enemies. (Rampage)
Your long tongue fully drains potion bottles. (2x potion effects)
Your tongue gives you trouble enunciating. (1.5x scroll delay)
You have a pair of small horns on your head.
Your muscles are strong. (Str +4, Int/Dex -1)
Your spells are a little harder to cast, but a little more powerful.


Message History

You miss the adder.
You feel sick. The adder completely misses you. The adder bites you.
The orc hits you with a +0 club.
You hit the adder. You burn the adder. Your headbutt misses the adder.
The adder is moderately wounded.
You feel sick. The adder barely misses you. The orc hits you with a +0 club.
You miss the adder. Your headbutt misses the adder.
Your tail-slap misses the adder.
The adder is moderately wounded.
You feel sick. The adder bites you but does no damage.
The orc closely misses you.
You miss the adder. Your headbutt misses the adder.
The adder is moderately wounded.
You feel sick. The adder barely misses you. The orc closely misses you.
The adder bites you.
You are more poisoned.
The adder poisons you!
You barely miss the adder. Your headbutt misses the adder.
Your tail-slap misses the adder.
The adder is moderately wounded.
You feel sick. The adder barely misses you. The orc hits you with a +0 club.
You barely miss the adder. You tail-slap the adder.
The adder is heavily wounded.
You feel sick. The adder bites you. The orc hits you but does no damage.
You feel sick. The adder bites you.
* * * LOW HITPOINT WARNING * * *
You are more poisoned.
The adder poisons you! The orc closely misses you.
As you slowly read the scroll of teleportation, it crumbles to dust.
You feel strangely unstable.
You feel very sick. The adder bites you.
* * * LOW HITPOINT WARNING * * *
You are lethally poisoned!
The adder poisons you! The adder barely misses you. The orc barely misses you.
The orc attacks as you move away! The orc hits you with a +0 club.
* * * LOW HITPOINT WARNING * * *
x2 You feel very sick.
The adder bites you but does no damage.
Your surroundings suddenly seem different.
You die...

#.# #.. ###### #.# .....### #####
#.# .......###...# #.# #######
...).....###.###.# ###.....###
.................###.........###
###............................##
###...###.......@................
........###.........###..#.######
...#......###.._..###....#.#
...'......>########.###.##.######
...#.####......+....'............
........#..##.##....###.##.######
###.#.#.#..##.##....# #.##.####
....#.#.#.....#####.# #.......###
#####.#.#...........# ####.##.##.


There were no monsters in sight!

Vanquished Creatures
  A hound (D:3)
  A gnoll (D:1)
  3 adders
  A dart slug (D:1)
  3 orcs (D:3)
  13 bats
  6 endoplasms
  2 giant cockroaches (D:2)
  5 goblins
  7 hobgoblins
  A jackal (D:3)
  11 kobolds
  6 quokkas
  5 ball pythons
  5 frilled lizards
  8 rats
78 creatures vanquished.

Vanquished Creatures (collateral kills)
  A bat (D:3)
1 creature vanquished.

Vanquished Creatures (others)
  10 plants (D:3)
10 creatures vanquished.

Grand Total: 89 creatures vanquished

Notes
Turn   | Place    | Note
-------+----------+-------------------------------------------
     0 | D:1      | Alitron123 the Armataur Warper began the quest for the Orb.
     0 | D:1      | Reached XP level 1. HP: 18/18 MP: 3/3
    39 | D:1      | Reached XP level 2. HP: 12/25 MP: 4/4
   148 | D:1      | Reached skill level 1 in Throwing
   379 | D:1      | Reached XP level 3. HP: 31/31 MP: 5/5
   935 | D:2      | Reached XP level 4. HP: 34/38 MP: 6/6
  1446 | D:2      | Gained mutation: Your muscles are strong. (Str +4, Int/Dex
                  | -1) [potion of mutation]
  1446 | D:2      | Gained mutation: You have a pair of small horns on your
                  | head. [potion of mutation]
  1446 | D:2      | Gained mutation: Your spells are a little harder to cast,
                  | but a little more powerful. [potion of mutation]
  1804 | D:3      | Found an iron altar of Okawaru.
  2052 | D:3      | Found a faded altar of an unknown god.
  2278 | D:3      | Reached skill level 1 in Stealth
  2406 | D:3      | Reached XP level 5. HP: 43/43 MP: 7/7
  2585 | D:3      | Succumbed to an adder's poison

Illustrated notes

Levels and vault maps discovered:
D:1:      lemuel_arrival_room, layout_rooms
D:2:      layout_loops_ring, hex_medium, minmay_rat_gold_closets
D:3:      minmay_bubble_buster, layout_basic, lemuel_tele_altar,
          hellmonk_ecumenical_altar_zigzags, serial_bayou, serial_bayou_pond_d,
          serial_bayou_shore_b, serial_bayou_lake_a, serial_bayou_pond_b,
          serial_bayou_pond_b, serial_bayou_pond_d, minivault_27

Skill      XL: |  1  2  3  4 |
---------------+-------------+-----
Fighting       | 2 |  2.3
Throwing       | 1 |  1.3
Polearms       | 2 |  2.6
Armour         | 2 |  2.7
Stealth        | 1 |  1.5
Dodging        | |  1.9
Spellcasting   | |  1.9
Translocations | |  3.3

Action                   |  1- 3 |  4- 6 || total
-------------------------+-------+-------++-------
Melee: Spear             |   135 |   204 ||   339
       Tailslap          |    13 |    12 ||    25
       Punch             |     1 |       ||     1
       Headbutt          |       |     6 ||     6
Throw: Boomerang         |     5 |     2 ||     7
Evoke: Wand              |       |     1 ||     1
  Use: Potion            |       |     5 ||     5
       Scroll            |       |     5 ||     5
Armor: Leather armour    |    62 |    91 ||   153
Dodge: Dodged            |    62 |    82 ||   144

Table legend: (Time is in decaauts)
 A = Elapsed time spent in this place.
 B = Non-inter-level travel time spent in this place.
 C = Inter-level travel time spent in this place.
 D = Time resting spent in this place.
 E = Time spent auto-exploring this place.
 F = Levels seen in this place.
 G = Mean time per level.
                   A        B        C        D        E       F      G
               +--------+--------+--------+--------+--------+-----+--------+
         Total |   2563 |   2481 |     82 |      0 |   1841 |   3 |  854.3 |
       Dungeon |   2563 |   2481 |     82 |      0 |   1841 |   3 |  854.3 |
               +--------+--------+--------+--------+--------+-----+--------+

Top non-repeatable levels by time:
     D:3: 936 daAuts
     D:2: 866 daAuts
     D:1: 761 daAuts
